 Dungeon Sprint DCSS version 0.31.0-9-g3a7656b989 (webtiles) character file.

Game seed: 16215015818622250109

148 Heoruswealwe the Spear-Bearer (level 5, -11/52 HPs)
             Began as a Minotaur Fighter on Feb 3, 2024.
             Was an Initiate of Gozag.
             Mangled by a two-headed ogre
             ... wielding a +3 dire flail
              (18 damage)
             ... in the Dungeon (Sprint IX: "|||||||||||||||||||||||||||||").
             The game lasted 00:01:38 (176 turns).

Heoruswealwe the Spear-Bearer (Minotaur Fighter)     Turns: 176, Time: 00:01:39

Health: -11/52     AC: 14    Str: 26    XL:     5   Next: 8%
Magic:  4/4        EV:  7    Int:  5    God:    Gozag
Gold:   0          SH:  0    Dex:  9    Spells: 4/4 levels left

rFire   . . .        b - +2 halberd (protect)
rCold   . . .        (shield currently unavailable)
rNeg    . . .        c - +0 plate armour
rPois   .            (helmet restricted)
rElec   .            h - +0 cloak
rCorr   .            (no gloves)
SInv    .            (no boots)
Will    .....        (no amulet) Stlth
                     k - +3 ring of strength
HPRegen 0.28/turn    (no ring)
MPRegen 0.09/turn

%: no teleportation
@: lethally poisoned (-11 -> -21), slowed, very slow
A: horns 2, retaliatory headbutt
a: Renounce Religion, Potion Petition, Call Merchant, Bribe Branch


You were in the Dungeon.
You worshipped Gozag.
Gozag was noncommittal.
You visited 1 branch

Inventory:

Hand Weapons
 a - a +0 trident
 b - a +2 halberd of protection (weapon)
Armour
 c - a +0 plate armour (worn)
 d - a +0 buckler
 h - a +0 cloak (worn)
Jewellery
 k - a +3 ring of strength (left hand)
Wands
 l - a wand of light (10)
Scrolls
 j - 2 scrolls of blinking
Potions
 e - 3 potions of curing
 f - 2 potions of heal wounds
 g - a potion of haste
 i - a potion of berserk rage
 m - a potion of might


   Skills:
 + Level 7.1 Fighting
 * Level 9.0 Polearms
 + Level 7.1 Armour
 - Level 3.6 Shields


You had 4 spell levels left.
You didn't know any spells.
Your spell library was empty.

Dungeon Overview and Level Annotations

Branches:
Dungeon (1/1)

Altars:
Cheibriados
Dithmenos
Elyvilon
Fedhas
Gozag
Hepliaklqana
Kikubaaqudgha
Makhleb
Nemelex Xobeh
Okawaru
Qazlal
Ru
Sif Muna
Trog
Uskayaw
Vehumet
Wu Jian
Xom
Yredelemnul
Zin
The Shining One
Jiyva
Lugonu


Innate Abilities, Weirdness & Mutations

You have a pair of horns on your head.
You reflexively headbutt those who attack you in melee.


Message History

The hornet stings you but does no damage.
The hornet stings you.
You feel as though you will be slow longer.
The hornet stings you but does no damage.
The kobold demonologist looks encouraged for a moment.
The hornet stings you.
You feel as though you will be slow longer.
You can move again.
You miss the hornet. You headbutt the hornet!
The hornet is heavily wounded.
The hornet stings you.
You feel as though you will be slow longer.
The kobold demonologist mumbles some strange words.
The hornet stings you but does no damage.
You puncture the hornet!
Your weapon exudes an aura of protection.
The hornet is severely wounded.
The hornet stings you.
* * * LOW HITPOINT WARNING * * *
You are poisoned.
You feel as though you will be slow longer.
The hornet stings you but does no damage.
You feel better. The hornet stings you.
You are poisoned.
You suddenly lose the ability to move!
The hornet stings you!
* * * LOW HITPOINT WARNING * * *
You are more poisoned.
You feel as though you will be slow longer.
The kobold demonologist looks satisfied for a moment.
* * * LOW HITPOINT WARNING * * *
You feel very sick.
The hornet stings you but does no damage.
You can move again.
You feel much better.
* * * LOW HITPOINT WARNING * * *
You feel very sick.
The kobold demonologist miscasts a cantrip.
The two-headed ogre hits you with a +3 dire flail!!
You die...
Your body crumbles into a pile of gold. ▓▓▓▓▓▓▓▓▓▓▓▓▓▓▓▓▓▓▓▓▓▓▓▓ _______'!?)[[=..@Oyo95K{ ▓▓▓▓▓▓▓▓▓▓▓▓▓▓▓▓▓▓▓▓▓▓▓▓

You could see a two-headed ogre, a kobold demonologist, a hornet, an orc warrior, a gargoyle and an ufetubus (summoned).

Vanquished Creatures
  A scorpion (D)
  A hound (D)
  2 iguanas (D)
  An orc (D)
  An endoplasm (D)
  2 ball pythons (D)
  A bat (D)
  A kobold (D)
10 creatures vanquished.

Notes
Turn   | Place    | Note
-------+----------+-------------------------------------------
     0 | D        | Heoruswealwe the Minotaur Fighter began the quest for the
                  | Orb.
     0 | D        | Reached XP level 1. HP: 19/19 MP: 0/0
     9 | D        | Reached skill level 3 in Polearms
    47 | D        | Noticed a hound
    47 | D        | Noticed an iguana
    47 | D        | Noticed an iguana
    47 | D        | Noticed a scorpion
    52 | D        | Killed a hound
    53 | D        | Reached skill level 5 in Fighting
    53 | D        | Reached skill level 5 in Polearms
    53 | D        | Reached skill level 5 in Armour
    53 | D        | Reached XP level 2. HP: 28/29 MP: 1/1
    53 | D        | Reached XP level 3. HP: 35/36 MP: 2/2
    55 | D        | Reached skill level 6 in Polearms
    59 | D        | Reached skill level 7 in Polearms
    59 | D        | Reached XP level 4. HP: 35/44 MP: 3/3
    60 | D        | Killed a scorpion
    61 | D        | Reached skill level 9 in Polearms
    61 | D        | Reached XP level 5. HP: 42/52 MP: 4/4
    69 | D        | Found a snail-covered altar of Cheibriados.
    69 | D        | Found a shadowy altar of Dithmenos.
    69 | D        | Found a white marble altar of Elyvilon.
    69 | D        | Found a blossoming altar of Fedhas.
    69 | D        | Found an opulent altar of Gozag.
    70 | D        | Found a hazy altar of Hepliaklqana.
    71 | D        | Found a viscous altar of Jiyva.
    72 | D        | Found an ancient bone altar of Kikubaaqudgha.
    73 | D        | Found a corrupted altar of Lugonu.
    74 | D        | Found a burning altar of Makhleb.
    75 | D        | Found a sparkling altar of Nemelex Xobeh.
    76 | D        | Found an iron altar of Okawaru.
    77 | D        | Became a worshipper of Gozag Ym Sagoz the Greedy
    78 | D        | Found a stormy altar of Qazlal.
    79 | D        | Found a sacrificial altar of Ru.
    80 | D        | Found a shimmering blue altar of Sif Muna.
    81 | D        | Found a bloodstained altar of Trog.
    82 | D        | Found a hide-covered altar of Uskayaw.
    83 | D        | Found a radiant altar of Vehumet.
    84 | D        | Found an ornate altar of the Wu Jian Council.
    85 | D        | Found a shimmering altar of Xom.
    86 | D        | Found a basalt altar of Yredelemnul.
    87 | D        | Found a glowing silver altar of Zin.
    88 | D        | Found a glowing golden altar of the Shining One.
   166 | D        | Noticed a hornet
   166 | D        | Noticed an orc warrior
   166 | D        | Noticed a gargoyle
   166 | D        | Noticed a two-headed ogre
   166 | D        | Noticed a kobold demonologist
   169 | D        | Paralysed by a hornet for 3 turns
   174 | D        | Paralysed by a hornet for 2 turns
   175 | D        | HP: 2/52 [poisoned by a hornet]
   176 | D        | Mangled by a two-headed ogre

Illustrated notes

Levels and vault maps discovered:
D:        linesprint [early_d, line_temple, items_1, d_10, items_2, lair_1,
          lair_end, items_3, orc_1, orc_end, items_4, d_15, swamp_1, shoals_1,
          snake_1, spider_1, d_20, vaults_1, items_5, swamp_end, shoals_end,
          snake_end, spider_end, vaults_end, d_27, items_6, zot_1, zot_end,
          crypt_end, forest_end, elf_end, slime_end, tomb_end, abyss_end,
          pan_hell_end]

Skill      XL: |  1  2  3  4 |
---------------+-------------+-----
Polearms       | 5 7 9 |  9.0
Fighting       | 5 6 7 |  7.1
Armour         | 5 6 7 |  7.1
Shields        | |  3.6

Action                     |  1- 3 |  4- 6 || total
---------------------------+-------+-------++-------
  Melee: Trident           |    18 |     4 ||    22
         Headbutt          |     4 |     5 ||     9
         Halberd           |       |     4 ||     4
    Use: Potion            |       |     3 ||     3
 Armour: Scale mail        |     9 |       ||     9
         Plate armour      |       |    18 ||    18
  Dodge: Dodged            |     8 |     1 ||     9
  Block: Buckler           |     3 |       ||     3
